 Dungeon Crawl Stone Soup version 0.23.2-1-ga50397a (webtiles) character file.

Game seed: 17719964753356274339

42 schauveau the Shooter (level 3, -7/29 HPs)
             Began as a Centaur Hunter on May 2, 2019.
             Splashed by Ijyb's acid (13 damage)
             ... on level 4 of the Dungeon.
             The game lasted 00:03:14 (1145 turns).

schauveau the Shooter (Centaur Hunter)              Turns: 1145, Time: 00:03:15

Health: -7/29      AC:  5    Str: 14    XL:     3   Next: 33%
Magic:  3/3        EV:  9    Int: 10    God:
Gold:   41         SH:  0    Dex: 10    Spells: 2/2 levels left

rFire    . . .     SeeInvis .   b - +0 trident
rCold    . . .     Gourm    .   (no shield)
rNeg     . . .     Faith    .   c - +0 leather armour
rPois    .         Spirit   .   (no helmet)
rElec    .         Reflect  .   (no cloak)
rCorr    .         Harm     .   e - +0 pair of gloves
MR       .....                  (no barding)
Stlth    +.........             (no amulet)
HPRegen  0.09/turn              (no ring)
MPRegen  0.08/turn              (no ring)

@: very quick
A: large, hooves 3, deformed body, speed 2, tough skin 3
a: no special abilities


You were on level 4 of the Dungeon.
You were not hungry.

You visited 1 branch of the dungeon, and saw 4 of its levels.

You collected 41 gold pieces.

Inventory:

Hand Weapons
 a - a +1 shortbow
 b - a +0 trident (weapon)
 k - a +0 short sword
 p - a +1 quarterstaff of protection
Missiles
 d - 48 arrows
 j - 3 tomahawks (quivered)
Armour
 c - a +0 leather armour (worn)
 e - a +0 pair of gloves (worn)
Scrolls
 g - 2 scrolls of remove curse {unknown}
 l - a scroll of immolation {unknown}
 m - a scroll of amnesia {unknown}
Potions
 h - a potion of curing {unknown}
 n - a potion of cancellation {unknown}
 o - a potion of haste {unknown}
Comestibles
 f - 5 rations
 i - 6 chunks of flesh


   Skills:
 - Level 2.0 Fighting
 * Level 6.5 Bows
 + Level 1.0 Armour
 - Level 1.3 Dodging
 - Level 0.4 Stealth


You had 2 spell levels left.
You didn't know any spells.
Your spell library was empty.

Dungeon Overview and Level Annotations

Branches:
Dungeon (4/15)
 Temple: D:4-7

Altars:
Ashenzari
Dithmenos
Qazlal
Sif Muna
Yredelemnul
Zin

Annotations:
D:4 Ijyb


Innate Abilities, Weirdness & Mutations

You have hooves in place of feet.
Armour fits poorly on your strangely shaped body.
You cover ground very quickly.
You have extremely tough skin. (AC +3)


Message History

You see here a runed quarterstaff.
p - a runed quarterstaff
There is a stone staircase leading down here.
You climb downwards.
Found 9 stones and 20 bolts.
There is a stone staircase leading up here.
You start resting.
HP restored.
Ijyb the Twisted Goblin comes into view.
She is wielding a +0 club, wearing a +1 leather armour of fire resistance and carrying a wand of acid (9).
Ijyb shouts!
Found a club and a ration.
Attack whom?
Press: ? - help, Dir - move target cursor, f - Ijyb
Aim: Ijyb, wielding a +0 club, wearing a +1 leather armour of fire resistance and carrying a wand of acid (9)
You reach to attack!
You hit Ijyb but do no damage.
Ijyb zaps a wand.
The bolt of acid hits you!!
Ouch! That really hurt!
* * * LOW HITPOINT WARNING * * *
You are splashed with acid!
You die...

##...........
..(.........
#...........
##...........
#............ ..
#....g.....##
....#...#........
.......<#@......)
.................
#................
#................
#.........####...
#.........# .%
#.........# .
#.......(.#
.........#


You could see Ijyb.

Vanquished Creatures
  A worm (D:3)
  A dart slug (D:2)
  A leopard gecko (D:3)
  4 orcs (D:3)
  A giant cockroach (D:3)
  4 hobgoblins
  7 jackals
  A bat (D:3)
  A frilled lizard (D:3)
  A goblin (D:1)
  3 kobolds
  4 rats
29 creatures vanquished.

Notes
Turn   | Place    | Note
-------+----------+-------------------------------------------
     0 | D:1      | schauveau the Centaur Hunter began the quest for the Orb.
     0 | D:1      | Reached XP level 1. HP: 17/17 MP: 1/1
    21 | D:1      | You fall through a shaft!
   163 | D:1      | Reached XP level 2. HP: 2/24 MP: 2/2
   164 | D:1      | HP: 1/24 [jackal (1)]
   562 | D:2      | Found a stormy altar of Qazlal.
   616 | D:2      | Reached skill level 6 in Bows
   821 | D:3      | Found a basalt altar of Yredelemnul.
   821 | D:3      | Found a deep blue altar of Sif Muna.
   821 | D:3      | Found a glowing silver altar of Zin.
   821 | D:3      | Found a shadowy altar of Dithmenos.
   845 | D:3      | Found a shattered altar of Ashenzari.
   849 | D:3      | Reached XP level 3. HP: 29/29 MP: 3/3
   852 | D:3      | Found a stormy altar of Qazlal.
  1011 | D:3      | Reached skill level 1 in Armour
  1143 | D:4      | Noticed Ijyb
  1145 | D:4      | Splashed by Ijyb's acid

Skill      XL: |  1  2  3 |
---------------+----------+-----
Bows           | 6 |  6.5
Armour         | 1 |  1.0
Fighting       | |  2.0
Dodging        | |  1.3
Stealth        | |  0.4

Action                   || total
-------------------------++-------
Melee: Short sword       ||    41
       Kick              ||    11
       Trident           ||    44
 Fire: Shortbow          ||    19
Armor: Leather armour    ||    38
Dodge: Dodged            ||    37
